Map: Ever Dream LE

Players

Massa - Winner!

  • Race: Terran Terran
  • League: Gold
  • Spawn Location: 1:00

VOD

Have the link to the VOD?

Description

Time

  • Played on: Aug. 30, 2020, 5:16 a.m.
  • Length: 12:56
Show
View Real Time Build Order
Export as new Build Order

Massa Terran - Winner!

Build Orders:  

Get SALT Encoding   

  12  0:01  SCV  
  13  0:18  SCV  
  14  0:25  Supply Depot  
  14  0:37  Refinery  
  14  0:39  SCV  
  15  1:00  Barracks  
  15  1:04  SCV  
  16  1:21  SCV  
  17  1:38  SCV  
  19  2:10  Reaper  
  19  2:12  Command Center  
  19  2:23  Orbital Command  
  19  2:43  Supply Depot  
  19  2:50  Marine  
  20  3:00  Factory  
  20  3:02  SCV  
  21  3:19  SCV  
  22  3:40  SCV  
  23  3:51  Supply Depot  
  23  3:57  SCV  
  24  4:02  Factory Reactor  
  24  4:05  Barracks Reactor  
  24  4:13  Starport  
  24  4:18  SCV  
  25  4:20  Refinery  
  25  4:21  Orbital Command  
  25  4:35  SCV  
  26  4:52  SCV  
  26  4:58  Hellion x2  
  31  5:01  Marine x2  
  31  5:09  SCV  
  34  5:20  Barracks  
  34  5:26  Marine x2  
  34  5:28  Hellion x2  
  40  5:41  Viking  
  40  5:48  SCV x2  
  44  5:51  Marine x2  
  46  6:01  Hellion  
  46  6:05  SCV  
  49  6:16  Marine x2  
  51  6:22  Barracks  
  51  6:23  Medivac  
  51  6:29  Barracks Tech Lab  
  53  6:44  Supply Depot  
  53  6:50  Hellion x2  
  53  6:53  Supply Depot  
  53  6:55  Stimpack  
  53  6:56  Refinery  
  57  7:01  Supply Depot  
  57  7:07  Command Center  
  57  7:12  SCV  
  57  7:13  SCV  
  57  7:17  Supply Depot  
  59  7:29  SCV  
  60  7:30  SCV  
  60  7:33  Barracks Reactor  
  60  7:39  Hellion  
  63  7:47  Widow Mine  
  63  7:48  SCV x2  
  67  7:58  Widow Mine  
  67  8:00  Marine  
  67  8:05  Marauder  
  67  8:09  Marine  
  73  8:17  Widow Mine  
  73  8:22  Engineering Bay  
  73  8:25  Marine  
  73  8:27  SCV x2  
  78  8:33  Marine, Medivac  
  78  8:39  Supply Depot  
  81  8:44  SCV  
  82  9:03  Hellion x2  
  82  9:06  Marauder  
  82  9:08  Marine  
  82  9:09  Marine x3  
  92  9:15  Medivac  
  92  9:16  Orbital Command  
  94  9:33  Marine  
  94  9:36  Marauder  
  97  9:46  Orbital Command  
  97  9:47  SCV x2  
  99  9:59  Medivac  
  101  10:01  Terran Infantry Weapons Level 1  
  101  10:04  SCV x2  
  101  10:05  Engineering Bay  
  93  10:21  SCV x2  
  95  10:31  SCV  
  95  10:38  SCV x2  
  95  10:39  Marauder  
  100  10:40  Marine x2  
  100  10:41  Marine  
  100  10:45  Widow Mine x2, Barracks  
  100  10:47  SCV  
  104  10:50  Barracks  
  104  10:52  Unknown  
  104  10:56  Medivac  
  110  11:09  Marauder  
  112  11:12  Unknown  
  112  11:15  Widow Mine  
  112  11:39  Marauder  
  112  11:44  Marine  
  112  11:45  Marine x3  
  108  11:56  Unknown  
  106  12:09  Marauder, Marine  
  74  12:10  Marine x3  
Tags
 
League
Gold
Matchup
Co-op
Replay Pack
Multiplayer
Add a new tag
Caveats
  • Supply blocks, unpowered buildings, or Contaminate may cause inaccurate times.
  • Supply counts are checked every 10 seconds.